 Dungeon Crawl Stone Soup version 0.29.1-4-g47bece8355 (webtiles) character file.

Game seed: 7497858395804916639

940 KittyFluff the Cudgeller (level 8, 0/73 HPs)
             Began as a Gargoyle Berserker on Dec 3, 2022.
             Was a Priest of Trog.
             Slain by an orc warrior
             ... wielding a +0 hand axe
              (6 damage)
             ... on level 5 of the Dungeon.
             The game lasted 00:20:00 (5379 turns).

KittyFluff the Cudgeller (Gargoyle Berserker)       Turns: 5379, Time: 00:20:01

Health: 0/73       AC: 11    Str: 21    XL:     8   Next: 12%
Magic:  8/8        EV: 12    Int:  8    God:    Trog [***...]
Gold:   285        SH:  0    Dex: 11    Spells: 7/7 levels left

rFire   . . .      SeeInvis .   a - +0 mace
rCold   . . .      Faith    .   (no shield)
rNeg    + . .      Spirit   .   i - +1 leather armour {Will+}
rPois   ∞          Reflect  .   (no helmet)
rElec   +          Harm     .   (no cloak)
rCorr   .          Rampage  .   (no gloves)
Will    +....                   r - +0 pair of boots
Stlth   ..........              (no amulet)
HPRegen 0.22/turn               (no ring)
MPRegen 0.11/turn               (no ring)

@: berserking, very quick
A: sickness immunity, AC +5, negative energy resistance 1, electricity
resistance, torment resistance 1, petrification resistance
a: Renounce Religion, Berserk, Trog's Hand


You were on level 5 of the Dungeon.
You worshipped Trog.
Trog was most pleased with you.
You visited 1 branch of the dungeon, and saw 5 of its levels.

You collected 285 gold pieces.

Inventory:

Hand Weapons
 a - a +0 mace (weapon)
 e - the +0 hand axe "Killer Bee's Curse" {freeze, Fragile rF+++ Str+3}
   (You found it on level 4 of the Dungeon)

   It freezes those it strikes, dealing additional cold damage.
   It can also slow down cold-blooded creatures.
   Str:       It affects your strength (+3).
   rF:        It renders you almost immune to fire.
   Fragile:   It will be destroyed if unequipped.
 m - a +0 sling
 x - a +0 morningstar
Missiles
 c - 34 stones (quivered)
 p - 3 poisoned darts
 w - 3 boomerangs
Armour
 i - a +1 leather armour of willpower (worn)
 r - a +0 pair of boots (worn)
Magical Staves
 o - a staff of death
 B - a staff of air
Jewellery
 h - an amulet of magic regeneration
Wands
 b - a wand of flame (2)
 s - a wand of mindburst (13)
Scrolls
 g - a scroll of poison {unknown}
 j - a scroll of magic mapping {unknown}
 k - a scroll of noise {unknown}
 y - a scroll of acquirement {unknown}
 C - a scroll of enchant armour {unknown}
 D - a scroll of fog {unknown}
Potions
 d - a potion of cancellation
 f - 4 potions of curing
 l - a potion of ambrosia {unknown}
 n - 2 potions of invisibility
 q - a potion of flight {unknown}
 t - 3 potions of lignification {unknown}
 u - 2 potions of mutation {unknown}
 v - 2 potions of brilliance {unknown}
 z - a potion of haste {unknown}
 A - a potion of attraction {unknown}


   Skills:
 + Level 5.1 Fighting
 + Level 5.3 Maces & Flails
 * Level 4.4 Ranged Weapons
 + Level 0.7 Throwing
 * Level 4.4 Armour
 + Level 2.9 Dodging
 + Level 1.7 Stealth


You had 7 spell levels left.
You didn't know any spells.
Your spell library was empty.

Dungeon Overview and Level Annotations

Branches:
Dungeon (5/15)
 Temple: D:4-7

Altars:
Ashenzari


Innate Abilities, Weirdness & Mutations

You are immune to sickness and miasma.
Your stone body is resilient. (AC +5)
You are immune to poison.
You resist negative energy. (rN+)
You are resistant to electric shocks. (rElec)
You are resistant to unholy torment.
You are immune to petrification.


Message History

Found an escape hatch in the floor.
Found a stone staircase leading down.
Found 6 large rocks.
You see here 6 large rocks.
v - 2 pink potions (gained 1)
An orc comes into view. It is wielding a +0 mace.
You thump the orc!
You kill the orc!
Trog accepts your kill.
You see here a +0 mace.
You see here a +0 ring mail.
There is a stone staircase leading up here.
The orc warrior shouts!
You hit the orc warrior but do no damage.
The orc warrior hits you with a +0 hand axe!
You hit the orc warrior but do no damage.
The orc warrior hits you with a +0 hand axe.
You closely miss the orc warrior.
The orc warrior hits you with a +0 hand axe.
You barely miss the orc warrior. The orc warrior barely misses you.
The orc warrior hits you with a +0 hand axe.
You barely miss the orc warrior.
The orc warrior hits you with a +0 hand axe!
You barely miss the orc warrior. The orc warrior closely misses you.
You hit the orc warrior but do no damage.
The orc warrior hits you with a +0 hand axe.
You closely miss the orc warrior. The orc warrior closely misses you.
You closely miss the orc warrior.
The orc warrior hits you with a +0 hand axe!
* * * LOW HITPOINT WARNING * * *
You hit the orc warrior but do no damage.
The orc warrior hits you with a +0 hand axe.
* * * LOW HITPOINT WARNING * * *
A red film seems to cover your vision as you go berserk!
You feel yourself moving faster!
You feel mighty!
The orc warrior hits you with a +0 hand axe.
* * * LOW HITPOINT WARNING * * *
You hit the orc warrior but do no damage.
The orc warrior hits you with a +0 hand axe.
You die...

##########...#....####
#............###......
#............#........
#............#........
########..............
#####.####.........
..##.####........<
###.##....#.........
#..@#####.#.........
#.##o.<...#.........
#..#.#.####.........
#..#.#.# #.........
#....#.# #.........
#..###.# ##########
#......# #.###### #..


You could see an orc warrior.

Vanquished Creatures
  Sigmund (D:4)
  A black bear (D:4)
  An ogre (D:5)
  A sky beast (D:3)
  2 scorpions
  A hound (D:5)
  2 orc priests
  A jelly (D:4)
  3 iguanas
  An orc wizard (D:5)
  6 adders
  An ufetubus (D:5)
  2 dart slugs (D:4)
  4 worms
  11 orcs
  8 ball pythons
  7 bats
  8 endoplasms
  6 goblins
  10 hobgoblins
  13 jackals
  3 quokkas
  6 frilled lizards
  3 kobolds
  6 rats
108 creatures vanquished.

Notes
Turn   | Place    | Note
-------+----------+-------------------------------------------
     0 | D:1      | KittyFluff the Gargoyle Berserker began the quest for the
                  | Orb.
     0 | D:1      | Reached XP level 1. HP: 14/14 MP: 1/1
   214 | D:1      | Reached XP level 2. HP: 3/19 MP: 2/2
  1119 | D:2      | Reached XP level 3. HP: 12/24 MP: 3/3
  1949 | D:2      | Reached XP level 4. HP: 29/29 MP: 4/4
  2034 | D:2      | Reached ** piety under Trog
  2636 | D:3      | Noticed a sky beast
  2658 | D:3      | Killed a sky beast
  2659 | D:3      | Reached skill level 1 in Ranged Weapons
  2659 | D:3      | Reached XP level 5. HP: 30/34 MP: 5/5
  3040 | D:4      | Noticed Sigmund
  3054 | D:4      | Killed Sigmund
  3055 | D:4      | Reached XP level 6. HP: 24/39 MP: 6/6
  3288 | D:4      | Identified the +0 hand axe "Killer Bee's Curse" {freeze,
                  | Fragile rF+++ Str+3}
  3439 | D:4      | Found a broken altar of Ashenzari.
  3572 | D:4      | Reached XP level 7. HP: 44/44 MP: 7/7
  4463 | D:5      | Entered Level 5 of the Dungeon
  4534 | D:5      | Reached skill level 1 in Stealth
  4540 | D:5      | Reached skill level 5 in Maces & Flails
  4780 | D:5      | Reached skill level 5 in Fighting
  4799 | D:5      | Reached XP level 8. HP: 30/49 MP: 8/8
  4875 | D:5      | Reached *** piety under Trog
  5379 | D:5      | Slain by an orc warrior

Illustrated notes

Levels and vault maps discovered:
D:1:      shiori_angband_town, layout_basic
D:2:      layout_basic, minmay_tromino_mix6
D:3:      layout_rooms
D:4:      layout_loops_cross, mainiacjoe_overflow_alcove_4, minmay_unequal,
          uniq_sigmund
D:5:      layout_basic, hangedman_decor_push

Skill      XL: |  1  2  3  4  5  6  7 |
---------------+----------------------+-----
Fighting       | 4 5 |  5.1
Dodging        | 2 |  2.9
Maces & Flails | 4 5 |  5.3
Ranged Weapons | 1 2 3 4 |  4.4
Armour         | 3 4 |  4.4
Stealth        | 1 |  1.7
Throwing       | |  0.7

Action                   |  1- 3 |  4- 6 |  7- 9 || total
-------------------------+-------+-------+-------++-------
Melee: Mace              |   108 |   132 |   135 ||   375
       Punch             |     1 |       |     2 ||     3
 Fire: Sling             |       |    33 |    19 ||    52
Throw: Stone             |    15 |     8 |       ||    23
Invok: Berserk           |     3 |     2 |     3 ||     8
  Use: Scroll            |       |     3 |     1 ||     4
Armor: Animal skin       |    41 |    40 |       ||    81
       Leather armour    |       |    22 |    48 ||    70
Dodge: Dodged            |    67 |   100 |    84 ||   251
